 Dungeon Crawl Stone Soup version 0.30.1-9-gdf580d7c3d (webtiles) character file.

Game seed: 7695611869188570503

22 lonewolfV2 the Shield-Bearer (level 3, -1/1 (29) HPs)
             Began as a Formicid Fighter on Sept 27, 2023.
             Hit by a stone thrown by a kobold (2 damage)
             ... on level 1 of the Dungeon.
             The game lasted 00:01:49 (1046 turns).

lonewolfV2 the Shield-Bearer (Formicid Fighter)     Turns: 1046, Time: 00:01:49

HP:   -1/1 (29)     AC:  6    Str: 22    XL:     3   Next: 7%
MP:   3/3           EV:  9    Int:  7    God:
Gold: 73            SH:  5    Dex: 13    Spells: 2/2 levels left

rFire   . . .        a - +0 war axe
rCold   . . .        c - +0 buckler
rNeg    . . .        b - +0 scale mail
rPois   .            (helmet unavailable)
rElec   .            (no cloak)
rCorr   .            (no gloves)
SInv    +            (no boots)
Will    .....        (no amulet) Stlth
                     (no ring)
HPRegen 0.20/turn    (no ring)
MPRegen 0.08/turn

%: no passive effects
@: extremely drained
A: permanent stasis, dig shafts and tunnels, antennae 3, four strong arms
a: Dig, Shaft Self


You were on level 1 of the Dungeon.
You visited 1 branch of the dungeon, and saw 1 of its levels.

You collected 73 gold pieces.

Inventory:

Hand Weapons
 a - a +0 war axe (weapon)
Armour
 b - a +0 scale mail (worn)
 c - a +0 buckler (worn)
Scrolls
 f - a scroll of enchant weapon {unknown}
Potions
 d - a potion of might
 e - 2 potions of ambrosia {unknown}


   Skills:
 + Level 3.5 Fighting
 + Level 2.3 Axes
 + Level 3.6 Armour
 + Level 4.4 Shields


You had 2 spell levels left.
You didn't know any spells.
Your spell library was empty.

Dungeon Overview and Level Annotations

Branches:
Dungeon (1/15)

Altars:


Innate Abilities, Weirdness & Mutations

You cannot be hasted, slowed, berserked, paralysed or teleported.
You can dig through walls and to a lower floor.
You have a pair of large antennae on your head. (SInv)
Your four strong arms can wield two-handed weapons with a shield.


Message History

You dig through the rock wall.
You feel drained.
You dig through the rock wall.
You feel drained.
You dig through the rock wall.
You feel drained.
You dig through the rock wall.
You feel drained.
You dig through the rock wall.
You feel drained.
You dig through the rock wall.
You feel drained.
You dig through the rock wall.
You feel drained.
You dig through the rock wall.
You feel drained.
You dig through the rock wall.
You feel drained.
You dig through the rock wall.
You feel drained.
You dig through the rock wall.
You feel drained.
You dig through the rock wall.
You feel drained.
You dig through the rock wall.
You feel drained.
You dig through the rock wall.
You feel drained.
You dig through the rock wall.
You feel drained.
This wall is too hard to dig through.
You start waiting.
Done waiting.
You start waiting.
Done waiting.
You start waiting.
Done waiting.
You start waiting.
Done waiting.
You start waiting.
Done waiting.
You start waiting.
Done waiting.
You start waiting.
Done waiting.
You see here a +0 club.
You sense a monster nearby.
f - a scroll labelled ASCHARR UBLEAQA You open the door.
A kobold comes into view. It is wielding a +0 club.
A kobold is nearby!
A kobold is nearby!
The kobold throws a stone.
The stone hits you.
Ouch! That really hurt!
You die...

### +... #8..# #...###
#.K.'@###### ### #####......###
.. .#############........... ..
......[...#....########## #.
#######.....####################.
##......#.###......)............
##.........##......).....#######.
#.............#...>......# #....
............#.###############.#..


You could see a kobold.

Vanquished Creatures
  A ball python (D:1)
  2 endoplasms (D:1)
  2 goblins (D:1)
  2 hobgoblins (D:1)
  5 jackals (D:1)
  2 kobolds (D:1)
  A quokka (D:1)
  A bat (D:1)
  A frilled lizard (D:1)
17 creatures vanquished.

Notes
Turn   | Place    | Note
-------+----------+-------------------------------------------
     0 | D:1      | lonewolfV2 the Formicid Fighter began the quest for the
                  | Orb.
     0 | D:1      | Reached XP level 1. HP: 18/18 MP: 1/1
   114 | D:1      | Reached XP level 2. HP: 24/24 MP: 2/2
   231 | D:1      | Reached XP level 3. HP: 24/29 MP: 3/3
  1046 | D:1      | Hit by a stone thrown by a kobold

Illustrated notes

Levels and vault maps discovered:
D:1:      co_arrival_square_in_a_square_in_a_square, layout_rooms,
          kennysheep_nondescript

Action                     || total
---------------------------++-------
  Melee: War axe           ||    37
Ability: Dig               ||     2
 Armour: Scale mail        ||    24
  Dodge: Dodged            ||    17
  Block: Buckler           ||    14
